 Dungeon Crawl Stone Soup version 0.20-a0-1040-gfd09691 (webtiles) character file.

42 Firebatgyro the Skirmisher (level 3, 0/29 HPs)
             Began as a Demonspawn Artificer on Apr 23, 2017.
             Slain by a hound (5 damage)
             ... on level 2 of the Dungeon on Apr 24, 2017.
             The game lasted 00:02:23 (1759 turns).

Firebatgyro the Skirmisher (Demonspawn Artificer)   Turns: 1759, Time: 00:02:24

Health: 0/29       AC:  3    Str: 13    XL:     3   Next: 33%
Magic:  0/5        EV: 12    Int: 12    God:
Gold:   94         SH:  0    Dex: 13    Spells: 2/2 levels left

rFire    . . .     SeeInvis .   q - +0 falchion
rCold    + + .     Gourm    .   (no shield)
rNeg     . . .     Faith    .   b - +0 leather armour
rPois    .         Spirit   +   (no helmet)
rElec    .         Reflect  .   (no cloak)
rCorr    .         Harm     .   (no gloves)
MR       .....                  (no boots)
Stlth    +.........             (no amulet)
Regen    0.1/turn               r - ring of protection from cold
MPRegen  0.1/turn               (no ring)

@: very slightly contaminated, invisible
A: cold resistance 1, magic shield
a: no special abilities


You were on level 2 of the Dungeon.
You were not hungry.

You visited 1 branch of the dungeon, and saw 2 of its levels.

You collected 94 gold pieces.

Inventory:

Hand Weapons
 a - a +0 short sword
 q - a +0 falchion (weapon)
Armour
 b - a +0 leather armour (worn)
Jewellery
 r - a ring of protection from cold (left hand)
Wands
 c - a wand of flame (14/48)
 d - a wand of enslavement (15/24)
 e - a wand of random effects (15/48)
Scrolls
 g - 3 scrolls of recharging {unknown}
 h - 4 scrolls of identify {unknown}
 i - a scroll of immolation {unknown}
 j - a scroll of blinking {unknown}
 o - a scroll of teleportation {unknown}
Potions
 m - a potion of invisibility
 n - a potion of agility {unknown}
 s - a potion of degeneration {unknown}
Comestibles
 f - 2 bread rations
 l - a royal jelly
 p - a meat ration


   Skills:
 + Level 3.1 Fighting
 - Level 0.8(1.0) Short Blades
 + Level 0.6(1.0) Long Blades
 - Level 1.7 Dodging
 - Level 0.8 Stealth
 - Level 3.0 Evocations


You had 2 spell levels left.
You didn't know any spells.

Dungeon Overview and Level Annotations

Branches:
Dungeon (2/15)

Altars:

Annotations:
D:2 1 runed door


Innate Abilities, Weirdness & Mutations

Your flesh is cold resistant. (rC+)
When hurt, damage is shared between your health and your magic reserves.


Message History

You barely miss the hound.
The hound is lightly wounded.
The hound bites you but does no damage. The hound bites you.
* * * LOW HITPOINT WARNING * * *
You hit the hound.
The hound is lightly wounded.
The hound bites you but does no damage.
The hound stops to sniff the ground.
The hound bites you.
* * * LOW HITPOINT WARNING * * *
You feel better. The hound bites you.
* * * LOW HITPOINT WARNING * * *
It was a potion of invisibility.
You fade into invisibility!
The hound barely misses you. The hound bites you but does no damage.
You are very lightly contaminated with residual magic.
Okay, then.
You see here a jackal corpse.
The hound bites you.
You die...

#.# #.# ####### #.# #...
#.# #
#.#...###.######.#.#
#.#........<......#. ##
#...........##.#. .. .##
#...............# #.#..
#......<....##.## #...##.
#.......@.....#.###..>...
#.......#h####.#.#.#.###.
..........††..#.#.#......
........#####.##.#.#.####
........#####.###.##..#
................<.###†###
............#.##.......).
.........# .##.####.###
......h.## .##.# #.#


You could see a hound.

Vanquished Creatures
  2 worms (D:2)
  A leopard gecko (D:1)
  A giant cockroach (D:2)
  7 hobgoblins
  2 jackals (D:2)
  A ball python (D:1)
  4 bats
  3 frilled lizards
  5 goblins
  4 kobolds (D:1)
  3 rats (D:2)
33 creatures vanquished.

Notes
Turn   | Place    | Note
-------+----------+-------------------------------------------
     0 | D:1      | Firebatgyro the Demonspawn Artificer began the quest for the Orb.
     0 | D:1      | Reached XP level 1. HP: 15/15 MP: 3/3
   265 | D:1      | Gained mutation: Your flesh is cold resistant. (rC+) [demonic ancestry]
   265 | D:1      | Reached XP level 2. HP: 2/22 MP: 4/4
  1088 | D:2      | Upgraded the game from 0.20-a0-1039-gf554463 to 0.20-a0-1040-gfd09691
  1131 | D:2      | Found a runed door.
  1492 | D:2      | Gained mutation: When hurt, damage is shared between your health and your magic reserves. [demonic ancestry]
  1492 | D:2      | Reached XP level 3. HP: 29/29 MP: 5/5
  1749 | D:2      | HP: 1/29 [jackal (2)]
  1759 | D:2      | Slain by a hound

Vault maps used:
D:1:      grunt_arrival_lava_bath
D:2:      marbit_many_paths, uniq_crazy_yiuf_cottage

Skill      XL: |  1  2 |
---------------+-------+-----
Fighting       | 2 3 |  3.1
Short Blades   | |  0.8
Long Blades    | |  0.6
Dodging        | |  1.7
Stealth        | |  0.8
Evocations     | |  3.0

Action                   || total
-------------------------++-------
Melee: Short sword       ||    93
       Falchion          ||    43
Evoke: Wand              ||     1
  Use: Potion            ||     3
  Eat: Chunk             ||     3
Armor: Leather armour    ||    38
Dodge: Dodged            ||    91
       Rpst.: Falchion   ||     9
